AoeStats
← The Slayer

Black Forest

509277154Analyzed
4v4 RM · 6d ago on Sep 26, 2026· 75m 24s· 8 players
Game mode
Random Map
Map size
Large (8 player)
Population
200
Speed
Normal
Resources
Standard
Victory
Conquest
Starting age
Dark Age
Ending age
Imperial Age
RankedLock teamsTeams togetherTeam positionsShared explorationLock speedFull tech treeHidden civsTurbo modeCheats
Victory
Defeat
🇺🇸 Dravidians · United States
1032
+15
🇲🇽 Danes · Mexico
1003
+16
🇨🇳 Saxons · China
948
+18
🇺🇸 Khmer · United States
756
+26
🇲🇽 Danes · Mexico
1113
-23
🇲🇽 Vietnamese · Mexico
1022
-29
🇲🇽 Mongols · Mexico
989
-19
🇲🇽 Magyars · Mexico
851
-13
The Slayer
4:16 Loom
5:41 Loom
10:33 Feudal Age
14:55 Wheelbarrow
14:14 Gold Mining
14:18 Horse Collar
18:01 Gold Mining
19:17 Double-Bit Axe
22:31 Castle Age
20:53 Stone Mining
23:38 Heavy Plow
23:51 Bow Saw
24:32 Stone Shaft Mining
27:26 Gold Shaft Mining
29:57 Hand Cart
30:56 Hand Cart
34:16 Scale Barding Armor
34:22 Forging
36:36 Chain Barding Armor
36:52 Iron Casting
37:44 Husbandry
37:55 Bloodlines
37:50 Tusk Swords
40:04 Scale Mail Armor
39:55 Fletching
40:07 Padded Archer Armor
42:53 Imperial Age
40:56 Caravan
44:19 Crop Rotation
43:46 Elite Battle Elephant
45:24 Plate Barding Armor
48:33 Leather Archer Armor
48:13 Bodkin Arrow
48:19 Scale Mail Armor
49:19 Blast Furnace
48:25 Scale Mail Armor
48:20 Bodkin Arrow
49:05 Coinage
50:33 Banking
51:19 Fortified Wall
51:04 Murder Holes
51:20 Masonry
51:49 Pikeman
52:56 Halberdier
54:12 Ring Archer Armor
53:43 Bracer
53:58 Chain Mail Armor
55:48 Hoardings
55:34 Conscription
64:29 Arson
danny dillinger
0:46 Loom
13:17 Feudal Age
16:17 Town Watch
17:05 Double-Bit Axe
19:23 Castle Age
17:42 Horse Collar
23:29 Fletching
30:43 Imperial Age
29:59 Caravan
31:28 Squires
31:14 Arson
32:12 Onager
34:52 Conscription
36:51 Bodkin Arrow
36:56 Padded Archer Armor
36:20 Elite Skirmisher
41:31 Ballistics
41:13 Bracer
41:29 Leather Archer Armor
41:24 Forging
41:15 Scale Mail Armor
40:50 Crossbowman
40:52 Cranequins
42:39 Wheelbarrow
50:40 Hamask
55:49 Siege Onager
59:17 Hand Cart
63:52 Fervor
64:03 Sanctity
70:02 Man-at-Arms
70:27 Gambesons
71:21 Siege Engineers
72:17 Chemistry
71:13 Murder Holes
71:29 Masonry
71:50 Long Swordsman
I Never Resign
5:19 Loom
12:41 Feudal Age
14:38 Double-Bit Axe
14:35 Horse Collar
21:17 Castle Age
21:43 Fletching
26:20 Ballistics
26:11 Husbandry
26:43 Bodkin Arrow
26:49 Padded Archer Armor
28:02 Thumb Ring
39:31 Imperial Age
37:37 Wheelbarrow
37:24 Leather Archer Armor
41:18 Heavy Plow
41:29 Bow Saw
43:05 Bracer
43:36 Ring Archer Armor
42:31 Elite Elephant Archer
43:16 Siege Elephant
44:48 Hand Cart
61:08 Two-Man Saw
62:16 Forging
62:06 Scale Mail Armor
63:27 Pikeman
63:53 Gambesons
64:08 Squires
63:54 Arson
64:37 Wootz Steel
64:54 Iron Casting
64:34 Chain Mail Armor
64:55 Halberdier
66:57 Blast Furnace
66:36 Caravan
71:57 Plate Mail Armor
待有时
10:24 Loom
13:09 Feudal Age
18:22 Castle Age
16:29 Horse Collar
18:57 Double-Bit Axe
19:14 Heavy Plow
19:57 Bow Saw
25:55 Stone Mining
28:21 Wheelbarrow
27:48 Gold Mining
29:47 Gold Shaft Mining
29:51 Forging
29:43 Scale Mail Armor
30:06 Hand Cart
30:27 Town Watch
32:00 Town Patrol
32:29 Caravan
35:52 Imperial Age
36:14 Fortified Wall
36:17 Masonry
37:39 Two-Man Saw
36:16 Elite Varangian Guard
36:57 Squires
37:14 Chain Mail Armor
37:34 Iron Casting
38:34 Conscription
37:34 Shield Wall
38:53 Hoardings
38:51 Plate Mail Armor
40:37 Crop Rotation
40:22 Arson
40:34 Fletching
40:45 Padded Archer Armor
41:44 Architecture
41:25 Fortified Wall
40:58 Treadmill Crane
43:26 Gambesons
45:42 Bodkin Arrow
47:17 Coinage
48:15 Bracer
49:35 Leather Archer Armor
49:25 Scale Barding Armor
49:43 Ballistics
49:29 Siege Engineers
50:24 Chemistry
49:21 Murder Holes
51:24 Ring Archer Armor
52:18 Banking
55:35 Chain Barding Armor
61:40 Capped Ram
63:34 Siege Ram
67:26 Light Cavalry
68:06 Husbandry
68:16 Bloodlines
68:07 Husbandry
67:28 Cavalier
73:26 Clerical Recruitment
73:27 Elite Hearth Troop
74:33 Man-at-Arms
74:33 Pikeman
76:07 Thumb Ring
[TMX] Superoxide
0:53 Loom
12:12 Feudal Age
13:13 Double-Bit Axe
18:37 Castle Age
17:14 Fletching
19:45 Bow Saw
19:18 Horse Collar
21:06 Bodkin Arrow
32:01 Imperial Age
30:05 Town Watch
30:56 Wheelbarrow
30:48 Ballistics
32:51 Hand Cart
32:36 Town Patrol
34:25 Chemistry
34:11 Padded Archer Armor
35:35 Bracer
35:43 Siege Engineers
36:10 Heavy Plow
37:54 Pikeman
38:35 Squires
38:51 Thumb Ring
39:16 Heavy Scorpion
40:24 Leather Archer Armor
42:35 Conscription
44:07 Elite Mangudai
44:48 Nomads
45:23 Scale Mail Armor
45:34 Forging
45:29 Scale Barding Armor
46:16 Drill
46:36 Elite Skirmisher
47:41 Parthian Tactics
48:27 Onager
48:56 Capped Ram
51:23 Caravan
53:22 Murder Holes
54:58 Hoardings
54:16 Siege Onager
54:58 Imperial Skirmisher
57:28 Masonry
57:30 Fortified Wall
59:33 Iron Casting
62:41 Guard Tower
71:08 Chain Mail Armor
72:33 Siege Ram
KILLERKJ7
5:16 Loom
11:42 Feudal Age
13:07 Double-Bit Axe
15:28 Castle Age
13:12 Horse Collar
16:59 Bow Saw
23:03 Wheelbarrow
22:16 Loom
22:18 Town Watch
23:07 Heavy Plow
24:08 Hand Cart
26:59 Stone Mining
26:59 Gold Mining
28:50 Town Patrol
32:33 Imperial Age
31:32 Squires
31:18 Arson
31:20 Gambesons
32:16 Scale Mail Armor
32:26 Forging
33:39 Stone Shaft Mining
33:39 Gold Shaft Mining
33:45 Chain Mail Armor
33:33 Elite Varangian Guard
34:51 Iron Casting
35:30 Plate Mail Armor
37:22 Blast Furnace
36:50 Conscription
36:05 Capped Ram
36:32 Hamask
38:08 Elite Jomsviking
38:24 Pikeman
40:26 Halberdier
42:53 Fletching
47:32 Coinage
47:48 Man-at-Arms
49:30 Bodkin Arrow
50:29 Bracer
51:33 Chemistry
50:54 Ballistics
50:30 Murder Holes
50:41 Siege Engineers
50:46 Masonry
51:02 Siege Ram
52:55 Northmen's Fury
53:31 Siege Ram
60:15 Long Swordsman
61:25 Padded Archer Armor
64:22 Onager
70:26 Two-Handed Swordsman
71:17 Champion
Tzilactzin
2:21 Loom
11:29 Feudal Age
11:38 Feudal Age
14:32 Wheelbarrow
18:16 Castle Age
18:15 Double-Bit Axe
21:21 Bow Saw
21:23 Town Watch
21:57 Hand Cart
22:27 Horse Collar
23:07 Heavy Plow
24:28 Stone Mining
24:32 Gold Mining
28:13 Pikeman
28:56 Scale Mail Armor
29:06 Forging
31:31 Elite Skirmisher
35:46 Padded Archer Armor
40:37 Leather Archer Armor
54:06 Thumb Ring
63:01 Fletching
66:24 Chatras
67:56 Masonry
70:07 Chain Mail Armor
70:34 Bodkin Arrow
[TMX]Vitochaman
3:27 Loom
12:07 Feudal Age
13:43 Double-Bit Axe
20:02 Castle Age
20:09 Horse Collar
23:54 Gold Mining
29:30 Imperial Age
27:57 Wheelbarrow
29:32 Scale Mail Armor
29:32 Pikeman
29:58 Arson
36:24 Chain Mail Armor
42:36 Stone Mining
51:04 Halberdier
52:02 Bow Saw
58:25 Two-Man Saw
62:44 Fletching
63:36 Bodkin Arrow
63:43 Padded Archer Armor
66:41 Elite Skirmisher
67:27 Thumb Ring
68:00 Imperial Skirmisher
Connection lost

Rejoining the realm…

Still unreachable

The connection could not be restored.

Session expired

The server has moved on; the page needs a fresh start.